 Dungeon Crawl Stone Soup version 0.22.1-6-g1668fe2c40 (webtiles) character file.

105 Jerry the Slasher (level 4, -6/34 HPs)
             Began as a Demonspawn Gladiator on Jan 18, 2019.
             Killed from afar by an orc wizard (8 damage)
             ... with a puff of flame
             ... on level 2 of the Dungeon.
             The game lasted 00:04:20 (1702 turns).

Jerry the Slasher (Demonspawn Gladiator)            Turns: 1702, Time: 00:04:20

Health: -6/34      AC:  5    Str: 16    XL:     4   Next: 54%
Magic:  0/4        EV: 12    Int:  9    God:
Gold:   167        SH:  0    Dex: 14    Spells: 3/3 levels left

rFire    . . .     SeeInvis .   a - +0 long sword
rCold    + . .     Gourm    .   (no shield)
rNeg     . . .     Faith    .   b - +0 leather armour
rPois    +         Spirit   +   c - +0 helmet
rElec    .         Reflect  .   (no cloak)
rCorr    .         Harm     .   k - +0 pair of gloves
MR       .....                  (no boots)
Stlth    +.........             (no amulet)
HPRegen  0.11/turn              m - ring of poison resistance
MPRegen  0.18/turn              (no ring)

@: no status effects
A: cold resistance 1, magic shield, magic regeneration
a: no special abilities


You were on level 2 of the Dungeon.
You were hungry.

You visited 1 branch of the dungeon, and saw 3 of its levels.

You collected 167 gold pieces.

Inventory:

Hand Weapons
 a - a +0 long sword (weapon)
Missiles
 d - 5 throwing nets (quivered)
 j - 8 javelins
Armour
 b - a +0 leather armour (worn)
 c - a +0 helmet (worn)
 k - a +0 pair of gloves (worn)
Jewellery
 m - a ring of poison resistance (left hand)
Scrolls
 g - a scroll of fear {unknown}
 i - 2 scrolls of remove curse {unknown}
 l - a scroll of identify {unknown}
Potions
 e - a potion of magic {unknown}
 h - 2 potions of might {unknown}
 n - a potion of cancellation {unknown}
Comestibles
 f - 5 rations
 o - 5 chunks of flesh


   Skills:
 + Level 2.9 Fighting
 + Level 3.3 Long Blades
 + Level 2.6 Throwing
 + Level 1.6 Armour
 - Level 2.6 Dodging


You had 3 spell levels left.
You didn't know any spells.
Your spell library was empty.

Dungeon Overview and Level Annotations

Branches:
Dungeon (3/15)

Altars:

Portals:
Abyss: D:1***


Innate Abilities, Weirdness & Mutations

Your flesh is cold resistant. (rC+)
When hurt, damage is shared between your health and your magic reserves.
You regenerate magic rapidly.


Message History

You barely miss something. Something hits you but does no damage.
You barely miss something. Something hits you.
* * * LOW HITPOINT WARNING * * *
You miss something. Something hits you.
* * * LOW HITPOINT WARNING * * *
You closely miss something. Something hits you.
* * * LOW HITPOINT WARNING * * *
You hit something.
You hear some strange, mumbled words.
You are confused.
Something hits you.
* * * LOW HITPOINT WARNING * * *
You bump into the rock wall.
Something hits you but does no damage.
You miss something. Something hits you but does no damage. Something hits you.
You feel less confused.
You hear some strange, mumbled words.
A puff of flame appears from out of thin air!
The puff of flame hits you!
You die...

#.# ##### #.##.# #.#
##. #.# #######.##.##
#.####.. #.#
#...).......# #......#
#.# #.#####.##<.#
#..##.## #.# #.#
#.##..# #....## #.#
#.#####.##..####..##.##
#.#
#.................###.#
#.# #..##...........<.#
##. #.#
#..##.@####.###.#.# #.
#.##### #..##..####.#
#.#.####.
#.....#####...........#
#........
#####........##..######
###.####.
#...........># #......
######.########.##
############. .......#
#.#####............
########
#.......###########
#########


There were no monsters in sight!

Vanquished Creatures
  An orc priest (D:3)
  3 adders
  An ooze (D:1)
  2 worms (D:2)
  2 dart slugs
  An orc (D:3)
  2 ball pythons (D:1)
  3 giant cockroaches (D:1)
  A goblin (D:1)
  6 hobgoblins
  2 kobolds
  3 bats
  5 frilled lizards (D:1)
  8 rats
40 creatures vanquished.

Notes
Turn   | Place    | Note
-------+----------+-------------------------------------------
     0 | D:1      | Jerry the Demonspawn Gladiator began the quest for the Orb.
     0 | D:1      | Reached XP level 1. HP: 16/16 MP: 1/1
   120 | D:1      | Gained mutation: When hurt, damage is shared between your
                  | health and your magic reserves. [demonic ancestry]
   120 | D:1      | Reached XP level 2. HP: 16/22 MP: 2/2
   390 | D:1      | Reached skill level 3 in Long Blades
   573 | D:1      | Reached skill level 1 in Armour
   573 | D:1      | Gained mutation: You regenerate magic rapidly. [demonic
                  | ancestry]
   573 | D:1      | Reached XP level 3. HP: 28/28 MP: 3/3
  1568 | D:3      | Gained mutation: Your flesh is cold resistant. (rC+)
                  | [demonic ancestry]
  1568 | D:3      | Reached XP level 4. HP: 32/34 MP: 4/4
  1696 | D:2      | HP: 1/34 [something (1)]
  1702 | D:2      | Killed from afar by an orc wizard

Skill      XL: |  1  2 |
---------------+-------+-----
Throwing       | 2 |  2.6
Long Blades    | 3 |  3.3
Armour         | 1 |  1.6
Fighting       | |  2.9
Dodging        | |  2.6

Action                   |  1- 3 |  4- 6 || total
-------------------------+-------+-------++-------
Melee: Long sword        |   102 |    24 ||   126
 Stab: Sleeping          |     1 |       ||     1
  Eat: Chunk             |     2 |       ||     2
Armor: Leather armour    |    31 |     9 ||    40
Dodge: Dodged            |    67 |    23 ||    90
       Rpst.: Long sword |    16 |     3 ||    19
